 Dungeon Crawl Stone Soup version 0.28.0-62-gf88900778d (webtiles) character file.

Game seed: 11345422049282000417

45 cbfl8 the Sneak (level 3, -2/21 HPs)
             Began as a Kobold Brigand on June 24, 2023.
             Slain by a gnoll
             ... wielding a +0 whip
              (4 damage)
             ... on level 2 of the Dungeon.
             The game lasted 00:00:58 (1605 turns).

cbfl8 the Sneak (Kobold Brigand)                    Turns: 1605, Time: 00:00:58

Health: -2/21      AC:  3    Str:  8    XL:     3   Next: 90%
Magic:  3/3        EV: 14    Int: 12    God:
Gold:   53         SH:  5    Dex: 18    Spells: 2/2 levels left

rFire   . . .      SeeInvis .   a - +2 dagger
rCold   . . .      Faith    .   l - +0 buckler
rNeg    . . .      Spirit   .   b - +0 robe
rPois   .          Reflect  .   (no helmet)
rElec   .          Harm     .   c - +0 cloak
rCorr   .          Rampage  .   (no gloves)
Will    .....                   (no boots)
Stlth   +++++.....              (no amulet)
HPRegen 0.07/turn               (no ring)
MPRegen 0.08/turn               (no ring)

@: no status effects
A: small, no large weapons, nightstalker 3
a: no special abilities


You were on level 2 of the Dungeon.
You visited 1 branch of the dungeon, and saw 2 of its levels.

You collected 53 gold pieces.

Inventory:

Hand Weapons
 a - a +2 dagger (weapon)
Missiles
 d - 8 poisoned darts (quivered)
 e - 2 curare-tipped darts
Armour
 b - a +0 robe (worn)
 c - a +0 cloak (worn)
 l - a +0 buckler (worn)
Jewellery
 n - an amulet of guardian spirit
Scrolls
 f - 2 scrolls of blinking {unknown}
 g - a scroll of enchant armour {unknown}
 h - a scroll of identify {unknown}
 i - a scroll of noise {unknown}
 j - a scroll of amnesia {unknown}
Potions
 k - a potion of lignification {unknown}
 m - 2 potions of invisibility {unknown}


   Skills:
 + Level 2.3 Fighting
 + Level 2.8 Short Blades
 - Level 2.1 Throwing
 * Level 0.6 Armour
 * Level 2.0 Dodging
 * Level 6.4 Stealth
 * Level 0.4 Evocations


You had 2 spell levels left.
You didn't know any spells.
Your spell library was empty.

Dungeon Overview and Level Annotations

Branches:
Dungeon (2/15)

Altars:


Innate Abilities, Weirdness & Mutations

You are small and have problems with some larger weapons.
You are completely attuned to the shadows.


Message History

No target in view!
n - an amulet of guardian spirit No target in view!
A rat comes into view.
A rat is nearby!
A rat is nearby!
A rat is nearby!
The helpless rat fails to defend itself.
You impale the rat!!
You kill the rat!
You see here a rat corpse.
Found 6 silver javelins.
No target in view!
A hobgoblin comes into view.
Found a stone staircase leading down. 2 gnolls come into view.
There are monsters nearby!
The gnoll shouts!
The hobgoblin shouts!
A gnoll comes into view. It is wielding a +0 whip.
The gnoll shouts!
There are monsters nearby!
You hit the hobgoblin.
The hobgoblin is moderately wounded.
The hobgoblin misses you.
There are monsters nearby!
You hit the hobgoblin but do no damage.
The hobgoblin is moderately wounded.
You hit the hobgoblin.
The hobgoblin is heavily wounded.
The hobgoblin barely misses you. The gnoll closely misses you.
You block the gnoll's attack. You block the hobgoblin's attack.
The gnoll hits you with a +0 whip! The gnoll barely misses you.
The gnoll hits you with a +0 whip!
* * * LOW HITPOINT WARNING * * *
The gnoll hits you with a +0 whip.
* * * LOW HITPOINT WARNING * * *
The gnoll barely misses you.
There is a stone staircase leading down here.
The gnoll closely misses you. The gnoll hits you with a +0 whip.
You die...

#.......##.#.#
#............##
#######..#.....
#(....#.....
............
............
.......g....
.....ggg...
......@....
####.....
#.#### # #.# .
#.# #


You could see 3 gnolls and a hobgoblin.

Vanquished Creatures
  2 adders (D:2)
  6 endoplasms
  A goblin (D:2)
  3 hobgoblins (D:1)
  2 kobolds
  4 ball pythons
  4 bats
  6 rats
28 creatures vanquished.

Notes
Turn   | Place    | Note
-------+----------+-------------------------------------------
     0 | D:1      | cbfl8 the Kobold Brigand began the quest for the Orb.
     0 | D:1      | Reached XP level 1. HP: 12/12 MP: 1/1
   193 | D:1      | Reached XP level 2. HP: 17/17 MP: 2/2
   749 | D:1      | Reached skill level 6 in Stealth
  1306 | D:2      | Reached XP level 3. HP: 17/21 MP: 3/3
  1605 | D:2      | Slain by a gnoll

Illustrated notes

Levels and vault maps discovered:
D:1:      onia_arrival_handbag, layout_loops_corners
D:2:      layout_basic

Skill      XL: |  1  2 |
---------------+-------+-----
Stealth        | 6 |  6.4
Dodging        | 2 |  2.0
Fighting       | |  2.3
Short Blades   | |  2.8
Throwing       | |  2.1
Armour         | |  0.6
Evocations     | |  0.4

Action                   || total
-------------------------++-------
Melee: Dagger            ||    59
 Stab: Sleeping          ||    15
Armor: Robe              ||    10
Dodge: Dodged            ||    39
Block: Buckler           ||     8
